Map: Year Zero LE

Players

Rail

  • Race: Protoss Protoss
  • League: Grandmaster
  • Spawn Location: 1:00

IIIIIIIIIIII - Winner!

  • Race: Terran Terran
  • League: Grandmaster
  • Spawn Location: 11:00

VOD

Have the link to the VOD?

Description

Time

  • Played on: Feb. 21, 2019, 12:59 p.m.
  • Length: 14:15
Show
View Real Time Build Order
Export as new Build Order

Rail Protoss 

Build Orders: 1 Gate Expand, Oracle Opening 

Get SALT Encoding   

  12  0:00  Probe  
  13  0:12  Probe  
  14  0:18  Pylon  
  14  0:25  Probe  
  15  0:33  Probe  
  15  0:38  Gateway  
  15  0:41  Probe  
  16  0:48  Assimilator  
  17  0:52  Probe  
  18  1:04  Probe  
  19  1:16  Probe  
  20  1:27  Nexus  
  20  1:36  Cybernetics Core  
  20  1:38  Probe  
  21  1:43  Assimilator  
  21  1:50  Probe  
  21  1:53  Pylon  
  22  2:02  Stalker, Probe  
  23  2:12  Warp Gate  
  23  2:14  Probe  
  26  2:27  Probe  
  27  2:32  Stalker  
  27  2:35  Probe x2  
  29  2:42  Stargate  
  29  2:43  Probe  
  29  2:44  Probe  
  33  2:53  Probe  
  33  2:54  Probe  
  35  3:05  Probe  
  36  3:06  Probe  
  36  3:07  Gateway  
  37  3:13  Gateway  
  37  3:15  Oracle  
  37  3:18  Stalker  
  42  3:28  Probe  
  42  3:31  Probe  
  44  3:35  Pylon  
  44  3:40  Probe  
  45  3:43  Pylon, Probe  
  46  3:53  Probe  
  47  4:03  Stalker x2  
  47  4:08  Stalker  
  53  4:15  Nexus  
  53  4:16  Probe  
  53  4:23  Probe  
  54  4:28  Probe  
  55  4:34  Adept  
  55  4:36  Pylon  
  57  4:38  Robotics Facility  
  57  4:40  Probe, Twilight Council  
  57  4:43  Assimilator  
  58  4:46  Pylon  
  58  4:47  Probe  
  58  4:49  Sentry  
  62  4:52  Probe  
  62  4:56  Charge  
  62  4:59  Probe  
  63  5:05  Probe  
  64  5:11  Probe  
  65  5:17  Probe  
  65  5:19  Gateway  
  65  5:21  Gateway  
  66  5:22  Gateway  
  66  5:27  Gateway  
  66  5:28  Gateway  
  67  5:31  Robotics Bay, Probe  
  67  5:32  Probe  
  67  5:34  Probe  
  68  5:39  Probe  
  68  5:40  Probe  
  68  5:42  Probe  
  69  5:47  Pylon, Probe  
  69  5:48  Probe  
  72  5:52  Probe  
  72  5:54  Pylon  
  75  5:59  Probe  
  75  6:00  Colossus, Probe  
  75  6:04  Probe  
  78  6:10  Pylon  
  84  6:18  Extended Thermal Lance  
  84  6:19  Zealot  
  84  6:20  Zealot x3  
  92  6:29  Pylon  
  92  6:31  Zealot x3  
  98  6:33  Pylon  
  98  6:36  Pylon  
  98  6:37  Colossus  
  95  6:48  Zealot x4  
  95  6:51  Assimilator  
  95  6:52  Sentry, Zealot  
  107  6:58  Zealot x2  
  117  7:03  Pylon  
  117  7:09  Pylon  
  117  7:11  Sentry  
  117  7:12  Blink, Zealot x3  
  125  7:19  Pylon  
  123  7:23  Zealot x3  
  129  7:30  Zealot  
  137  7:41  Zealot x2  
  137  7:42  Zealot x2  
  145  7:44  Zealot  
  145  7:46  Colossus  
  145  7:48  Zealot  
  115  8:08  Zealot x2, Stalker  
  115  8:09  Zealot x2  
  118  8:15  Zealot x3  
  118  8:18  Pylon  
  118  8:21  Pylon  
  108  8:35  Probe  
  108  8:40  Colossus, Zealot x2  
  108  8:41  Zealot x5  
  121  8:42  Zealot  
  121  8:45  Zealot  
  121  8:47  Probe  
  122  8:54  Protoss Ground Weapons Level 1  
  120  8:58  Forge x2  
  120  9:00  Assimilator  
  120  9:01  Pylon, Protoss Ground Armor Level 1  
  120  9:03  Assimilator  
  120  9:06  Pylon, Zealot x2  
  120  9:07  Stalker x2  
  128  9:16  Sentry, Stalker x2  
  134  9:20  Stalker  
  134  9:21  Shield Battery  
  136  9:30  Pylon  
  136  9:37  Immortal  
  140  9:44  Photon Cannon  
  140  9:46  Probe  
  140  9:47  Photon Cannon  
  141  9:56  Pylon  
  141  9:59  Shield Battery  
  141  10:00  Stalker x2  
  145  10:14  Fleet Beacon  
  145  10:16  Observer  
  145  10:17  Stalker  
  145  10:18  Stalker  
  150  10:25  Stalker  
  150  10:26  Stalker  
  154  10:32  Stalker x2  
  158  10:35  Zealot  
  158  10:36  Zealot, Protoss Ground Weapons Level 2  
  158  10:37  Pylon  
  158  10:38  Observer  
  158  10:42  Stalker, Protoss Ground Armor Level 2  
  153  10:57  Stalker  
  153  11:03  Stalker  
  117  11:09  Sentry, Zealot  
  117  11:10  Warp Prism  
  117  11:18  Zealot x2, Stalker  
  117  11:19  Zealot  
  123  11:30  Tempest  
  126  11:45  Stalker  
  126  11:46  Stalker x4  
  136  11:51  Stalker  
  136  11:52  Stalker  
  140  12:13  Tempest  
  140  12:14  Nexus  
  145  12:26  Immortal  
  149  12:35  Pylon  
  149  12:53  Stalker x3  
  149  12:55  Tempest  
  160  13:05  Disruptor  
  163  13:17  Stargate  
  163  13:18  Probe x2  
  165  13:23  Photon Cannon  
  165  13:36  Stalker  
  165  13:41  Stalker x2  
  172  13:46  Stalker  
  176  13:52  Stalker  
  95  14:10  Zealot x2, Stalker  
Show
View Real Time Build Order
Export as new Build Order

IIIIIIIIIIII Terran - Winner!

Build Orders: Reaper Expand 

Get SALT Encoding   

  12  0:00  SCV  
  13  0:13  SCV  
  14  0:18  Supply Depot  
  14  0:25  SCV  
  15  0:40  SCV  
  15  0:41  Barracks  
  16  0:44  Refinery  
  16  0:52  SCV  
  17  1:04  SCV  
  18  1:16  SCV  
  19  1:28  Reaper, Orbital Command  
  20  1:43  Command Center  
  20  1:53  Supply Depot  
  20  1:54  SCV  
  21  2:00  Barracks Reactor  
  21  2:06  SCV  
  21  2:07  Refinery  
  22  2:18  SCV  
  22  2:21  Factory  
  23  2:30  SCV  
  23  2:36  Marine x2  
  26  2:42  SCV  
  27  2:54  SCV  
  27  2:55  Marine, Orbital Command  
  27  2:56  Marine  
  30  3:06  Starport, SCV, Factory Tech Lab  
  31  3:13  Marine x2  
  31  3:18  SCV  
  34  3:20  SCV  
  34  3:24  Siege Tank  
  38  3:30  SCV  
  38  3:32  SCV, Supply Depot  
  38  3:34  Refinery  
  40  3:37  Marine x2  
  42  3:43  SCV, Starport Tech Lab  
  42  3:44  SCV  
  44  3:50  Barracks  
  44  3:55  SCV  
  45  3:58  Siege Tank  
  45  4:00  SCV  
  49  4:06  Marine x2  
  49  4:07  SCV  
  49  4:09  Supply Depot  
  52  4:12  Raven  
  54  4:18  SCV  
  54  4:20  SCV  
  54  4:25  Marine  
  54  4:31  SCV, Marine  
  55  4:32  SCV  
  55  4:37  Barracks  
  56  4:43  SCV  
  56  4:44  SCV  
  58  4:47  Marine, Stimpack  
  58  4:48  Marine  
  58  4:52  Supply Depot  
  60  4:55  SCV  
  60  4:56  SCV  
  62  5:01  Factory Reactor  
  62  5:05  Starport Reactor  
  62  5:09  Engineering Bay  
  62  5:13  SCV x2  
  62  5:14  Marauder  
  66  5:15  Supply Depot  
  66  5:21  Marine  
  66  5:22  Marine  
  66  5:25  SCV x2  
  70  5:32  Combat Shield  
  70  5:36  Marauder x2, Terran Infantry Weapons Level 1  
  70  5:37  Supply Depot  
  70  5:39  Widow Mine x2  
  78  5:43  Refinery  
  78  5:45  Supply Depot  
  78  5:55  Supply Depot  
  78  5:58  Marine x2, Medivac x2  
  78  5:59  Supply Depot  
  78  6:01  SCV x2  
  86  6:07  Marauder x2  
  86  6:10  Widow Mine x2  
  96  6:18  Supply Depot  
  96  6:23  Marine x2  
  98  6:28  Marauder x2, Medivac x2  
  104  6:33  Widow Mine x2  
  104  6:36  Supply Depot  
  108  6:45  Marine x2  
  110  6:49  Marauder x2, Supply Depot  
  110  6:51  Concussive Shells  
  114  6:55  Widow Mine x2  
  118  7:03  Marine x2  
  118  7:04  Medivac  
  118  7:05  Medivac  
  124  7:11  Marauder x2  
  124  7:14  SCV x2, Supply Depot  
  130  7:21  Marine x2  
  132  7:31  Widow Mine  
  132  7:36  Marauder x2, Widow Mine  
  140  7:41  Marine x2  
  141  7:57  Marauder x2  
  130  7:59  Marine x2  
  130  8:04  Command Center  
  119  8:13  SCV x2  
  119  8:17  Marine x2, Medivac x2  
  119  8:19  Marauder x2, Barracks  
  131  8:20  Barracks  
  120  8:34  Marine  
  120  8:35  Marine  
  120  8:37  Liberator, Terran Infantry Armor Level 1  
  120  8:39  Liberator  
  120  8:40  Starport, Marauder x2  
  121  8:52  SCV x2, Marine x2  
  126  9:01  Marauder, Marine  
  132  9:04  SCV x2  
  78  9:10  Liberator x2  
  136  9:12  Barracks Tech Lab, Barracks Reactor  
  136  9:16  SCV x2  
  136  9:17  Orbital Command  
  136  9:25  Liberator, Refinery  
  136  9:27  Refinery  
  136  9:28  SCV  
  136  9:29  SCV  
  144  9:36  Marauder x3  
  150  9:39  Marine x2  
  155  9:48  Supply Depot  
  155  9:50  SCV x2  
  157  9:52  Liberator  
  157  9:55  Supply Depot  
  157  9:59  Liberator  
  157  10:09  Marine x2, Supply Depot  
  157  10:10  SCV, Marauder  
  157  10:13  Liberator  
  165  10:16  Marine x2  
  165  10:17  Marauder  
  172  10:27  Marine  
  173  10:29  Liberator  
  173  10:30  Marauder, Marine  
  173  10:31  Marauder  
  173  10:33  Supply Depot  
  173  10:34  Supply Depot  
  181  10:36  Armory  
  181  10:37  Engineering Bay  
  181  10:44  Marauder  
  180  10:51  Marine  
  180  10:54  Marine  
  180  10:55  Marauder x2  
  180  10:56  SCV x2  
  185  10:58  Marine  
  185  10:59  Marine  
  166  11:06  Marauder  
  166  11:09  Marine  
  158  11:12  Marine  
  158  11:16  Marauder, Marine  
  160  11:29  Viking x2  
  160  11:31  Terran Infantry Weapons Level 2  
  163  11:34  Marauder x2, Marine x3  
  163  11:38  Viking  
  169  11:40  Viking  
  169  11:42  Command Center  
  169  11:43  Terran Ship Weapons Level 1  
  169  11:44  Ghost Academy  
  168  11:51  Terran Infantry Armor Level 2  
  168  11:59  Viking x2  
  172  12:08  Viking  
  174  12:11  Viking  
  174  12:14  Ghost x3  
  174  12:15  Factory Tech Lab, Marine x2  
  182  12:16  Marine x2  
  182  12:19  SCV x2  
  188  12:32  Viking x2  
  188  12:34  Missile Turret  
  192  12:42  Ghost x2  
  196  12:44  Missile Turret  
  196  12:47  Missile Turret  
  196  12:51  Missile Turret  
  196  12:53  Planetary Fortress  
  196  12:56  Refinery x2  
  196  13:05  Viking x2, Missile Turret  
  200  13:15  Barracks  
  200  13:16  Barracks  
  200  13:18  Barracks  
  200  13:29  Missile Turret  
  200  13:38  Command Center  
  164  14:08  Barracks Tech Lab, Barracks Reactor  
  164  14:09  Barracks Tech Lab  
Tags
 
Add a new tag
Caveats
  • Supply blocks, unpowered buildings, or Contaminate may cause inaccurate times.
  • Supply counts are checked every 10 seconds.